Map: Одиссея РВ

Players

ИИ 1 (новичок) - Winner!

  • Race: Zerg Zerg
  • Spawn Location: 11:00

Doll

  • Race: Zerg Zerg
  • Spawn Location: 5:00

VOD

Have the link to the VOD?

Description

Time

  • Played on: Oct. 11, 2022, 6:21 p.m.
  • Length: 10:38
Show
View Real Time Build Order
Export as new Build Order

ИИ 1 (новичок) Zerg - Winner!

Build Orders: Hatch First 

Get SALT Encoding   

  12  0:00  Drone  
  13  0:12  Overlord  
  13  0:16  Drone  
  14  0:44  Hatchery  
  14  0:45  Drone  
  14  1:04  Spawning Pool  
  14  1:06  Drone  
  14  1:11  Extractor  
  14  1:13  Drone  
  14  1:21  Overlord  
  14  1:51  Queen, Zergling x2  
  14  1:53  Zergling x2  
  18  1:58  Roach Warren  
  17  2:04  Drone  
  18  2:10  Extractor  
  18  2:13  Drone  
  18  2:18  Zergling x2  
  19  2:23  Drone  
  20  2:30  Drone  
  21  2:37  Drone  
  22  2:44  Drone  
  23  2:51  Drone  
  24  2:58  Drone  
  24  3:04  Roach  
  27  3:06  Drone  
  27  3:11  Overlord  
  28  3:15  Drone  
  29  3:23  Drone  
  30  3:29  Lair  
  30  3:30  Drone  
  31  3:43  Drone  
  32  3:50  Drone, Roach  
  35  3:57  Drone  
  35  4:00  Overlord  
  36  4:04  Drone  
  37  4:12  Drone  
  38  4:19  Drone  
  39  4:26  Drone  
  39  4:27  Overseer  
  39  4:29  Overseer  
  40  4:33  Drone  
  40  4:36  Ravager, Roach  
  44  4:40  Drone  
  44  4:42  Overlord  
  45  4:47  Drone  
  46  4:55  Drone  
  46  4:58  Extractor  
  46  5:02  Extractor, Drone  
  46  5:09  Drone  
  47  5:16  Drone  
  48  5:23  Drone  
  49  5:31  Drone  
  50  5:38  Drone  
  51  5:45  Drone  
  52  8:40  Zergling x2  
  45  8:42  Overseer  
  45  8:43  Overlord x2  
  45  8:47  Queen  
  43  8:54  Drone  
  25  9:01  Drone  
  25  9:22  Drone  
  26  9:25  Roach  
  28  9:44  Drone  
  29  10:02  Drone  
  30  10:09  Drone  
  30  10:11  Zergling x2  
  32  10:16  Drone  
  32  10:20  Hatchery  
  32  10:23  Drone  
  33  10:29  Extractor  
Show
View Real Time Build Order
Export as new Build Order

Doll Zerg 

Build Orders: Hatch First 

Get SALT Encoding   

  12  0:01  Drone  
  13  0:13  Overlord  
  13  0:17  Drone  
  14  0:32  Drone x2  
  16  0:35  Drone  
  17  0:53  Hatchery  
  17  0:56  Drone  
  17  1:00  Drone  
  17  1:04  Extractor  
  17  1:07  Drone  
  18  1:19  Spawning Pool  
  18  1:21  Drone  
  18  1:29  Drone  
  19  1:42  Drone  
  20  1:57  Hatchery, Drone  
  20  2:06  Queen  
  20  2:08  Zergling x2  
  23  2:10  Zergling x2  
  23  2:13  Zergling x2  
  25  2:17  Zergling x2  
  26  2:23  Metabolic Boost  
  26  2:27  Zergling x2  
  27  2:40  Spine Crawler  
  27  2:42  Drone  
  27  2:47  Spine Crawler  
  27  2:48  Drone  
  27  2:52  Overlord  
  27  3:08  Queen  
  27  3:10  Drone  
  27  3:11  Drone  
  31  3:18  Zergling x4  
  33  3:20  Zergling x2  
  33  3:23  Drone  
  35  3:28  Drone x2  
  35  3:32  Drone  
  38  3:36  Drone  
  38  3:38  Drone  
  38  3:41  Drone  
  41  3:45  Overlord  
  41  3:53  Lair  
  41  3:58  Overlord  
  41  4:03  Extractor  
  41  4:04  Drone  
  41  4:05  Drone  
  41  4:06  Drone  
  41  4:07  Drone  
  45  4:10  Drone  
  45  4:11  Drone  
  45  4:13  Drone  
  47  4:19  Queen  
  49  4:27  Drone x2  
  49  4:28  Drone  
  52  4:34  Baneling Nest  
  52  4:36  Roach Warren  
  52  4:37  Drone  
  51  4:39  Drone  
  51  4:42  Zergling x2  
  51  4:43  Zergling x2  
  51  4:44  Zergling x2  
  55  4:46  Zergling x2  
  55  4:50  Overlord  
  56  4:53  Pneumatized Carapace  
  56  5:00  Drone x2  
  56  5:01  Overlord  
  58  5:09  Hydralisk Den  
  58  5:10  Extractor  
  58  5:12  Drone  
  58  5:13  Drone x2  
  59  5:15  Overlord, Drone  
  59  5:19  Drone x2  
  62  5:23  Glial Reconstitution  
  62  5:24  Extractor  
  62  5:27  Drone x2  
  62  5:28  Drone  
  64  5:29  Drone  
  64  5:32  Overlord  
  65  5:47  Centrifugal Hooks  
  65  5:49  Spire  
  64  5:50  Roach  
  64  5:51  Roach  
  64  5:52  Roach  
  64  5:54  Drone  
  64  5:55  Drone x2  
  73  5:58  Overseer  
  73  6:03  Extractor  
  72  6:04  Extractor  
  72  6:05  Drone x3  
  72  6:06  Drone x2  
  72  6:10  Overseer  
  72  6:11  Hydralisk  
  76  6:14  Roach  
  80  6:26  Drone x2  
  80  6:29  Hydralisk  
  84  6:37  Hatchery  
  84  6:38  Drone x2  
  84  6:39  Drone x2  
  87  6:40  Overlord  
  87  6:44  Baneling x4  
  87  6:45  Baneling x3  
  87  6:47  Baneling x4  
  87  6:48  Baneling x2  
  87  6:50  Baneling x2  
  87  6:54  Baneling  
  87  6:55  Zergling x4  
  87  6:56  Zergling x2  
  87  6:59  Zergling x4  
  87  7:00  Zergling x2  
  93  7:02  Zergling x2  
  93  7:04  Overlord  
  93  7:06  Hydralisk  
  96  7:11  Hydralisk  
  96  7:14  Overlord  
  96  7:15  Overlord  
  98  7:17  Overseer  
  98  7:23  Hydralisk x2  
  98  7:24  Hydralisk  
  98  7:27  Hydralisk  
  106  7:30  Overlord  
  106  7:32  Drone  
  106  7:33  Drone  
  106  7:34  Drone  
  106  7:36  Roach  
  111  7:41  Roach x2  
  111  7:43  Roach  
  117  7:46  Roach  
  117  7:47  Hydralisk  
  117  7:50  Hydralisk  
  123  7:52  Hydralisk  
  123  7:55  Hydralisk  
  129  7:58  Roach  
  129  8:00  Roach  
  129  8:02  Roach  
  129  8:04  Hydralisk  
  135  8:07  Overlord  
  135  8:15  Infestation Pit  
  134  8:22  Drone  
  134  8:23  Overlord, Drone  
  136  8:29  Drone x5  
  136  8:30  Drone  
  136  8:32  Drone  
  136  8:33  Hatchery  
  135  8:42  Overlord  
  135  8:46  Evolution Chamber  
  135  8:48  Evolution Chamber, Drone x2  
  135  8:49  Drone x3  
  135  8:50  Drone  
  135  8:51  Drone x3  
  135  8:52  Drone  
  141  8:57  Hive  
Tags
 
Add a new tag
Caveats
  • Supply blocks, unpowered buildings, or Contaminate may cause inaccurate times.
  • Supply counts are checked every 10 seconds.